 Dungeon Crawl Stone Soup version 0.22-a0-618-gd6a3efe1fc (webtiles) character file.

145 RedPan the Sneak (level 5, 0/31 HPs)
             Began as an Octopode Wizard on July 13, 2018.
             Succumbed to kobold's curare-tipped needle
             ... in a sewer.
             The game lasted 00:06:12 (3781 turns).

RedPan the Sneak (Octopode Wizard)                  Turns: 3781, Time: 00:06:12

Health: 0/31       AC:  1    Str:  6    XL:     5   Next: 27%
Magic:  5/10       EV: 13    Int: 21    God:
Gold:   87         SH:  0    Dex: 11    Spells: 2/10 levels left

rFire    . . .     SeeInvis .   d - +1 dagger
rCold    . . .     Gourm    .   (no shield)
rNeg     . . .     Faith    .   a - +0 hat
rPois    .         Spirit   .   (no amulet)
rElec    .         Reflect  .   (no ring)
rCorr    .         Harm     .   (no ring)
MR       .....                  (no ring)
Stlth    ++++......             (no ring)
HPRegen  0.10/turn              (no ring)
MPRegen  0.12/turn              (no ring)
                                (no ring)
                                (no ring)

@: lethally poisoned (0 -> -39), very slightly contaminated, slowed, very slow
A: almost no armour, stealthy swim, amphibious, 8 rings, constrict 8, camouflage
1, gelatinous body 1
a: no special abilities


You were in a sewer.
You were hungry.

You visited 1 branch of the dungeon, and saw 4 of its levels.
You also visited: Sewer.

You collected 87 gold pieces.

Inventory:

Hand Weapons
 d - a +1 dagger (weapon)
Missiles
 l - 108 stones (quivered)
Armour
 a - a +0 hat (worn)
Jewellery
 i - an uncursed amulet of rage
Scrolls
 e - 5 scrolls of identify
 f - a scroll of remove curse {unknown}
 h - a scroll of teleportation {unknown}
 j - a scroll of enchant armour {unknown}
 k - a scroll of blinking {unknown}
Comestibles
 c - 2 rations


   Skills:
 - Level 2.0 Dodging
 + Level 4.1 Stealth
 + Level 3.4 Spellcasting
 - Level 3.0 Conjurations
 - Level 2.0 Summonings
 - Level 2.0 Translocations
 * Level 0.0 Air Magic
 * Level 0.1 Poison Magic


You had 2 spell levels left.
You knew the following spells:

 Your Spells              Type           Power        Failure   Level  Hunger
a - Magic Dart            Conj           ###.         3%          1    None
b - Blink                 Tloc           N/A          9%          2    ##.....
c - Call Imp              Summ           ##......     9%          2    ##.....
d - Mephitic Cloud        Conj/Pois/Air  #.......     26%         3    ###....

Your spell library contained the following spells:

 Spells                   Type           Power        Failure   Level  Hunger
 Conjure Flame            Conj/Fire      #.......     21%         3    ###....
 Slow                     Hex            #.......     19%         2    ##.....


Dungeon Overview and Level Annotations

Branches:
Dungeon (4/15)
 Temple: D:4-7

Altars:
Okawaru

Annotations:
D:4 exclusion: phantom


Innate Abilities, Weirdness & Mutations

You cannot wear most types of armour.
You are very stealthy in the water. (Stealth+)
You are amphibious.
You can wear up to eight rings at the same time.
You can use your tentacles to constrict eight enemies at once.
Your skin changes colour to match your surroundings (Stealth+).
Your rubbery body absorbs attacks. (AC +1, EV +1)


Message History

You hear a splash.
The kobold shoots a curare-tipped needle.
The curare-tipped needle hits you.
You are lethally poisoned!
You have difficulty breathing.
You feel as though you will be slow longer.
You hear a splash.
It was a potion of lignification.
You feel woody for a moment.
* * * LOW HITPOINT WARNING * * *
You feel very sick.
The kobold shoots a curare-tipped needle.
The curare-tipped needle hits you.
You are more poisoned.
You have difficulty breathing.
* * * LOW HITPOINT WARNING * * *
You feel as though you will be slow longer.
You hear a splash.
As you read the scroll of fog, it crumbles to dust.
The scroll dissolves into smoke.
You die...

#.≈≈≈.# ##≈≈≈≈.##
#.≈≈≈≈..#############
#≈.≈≈≈≈(≈≈≈≈≈≈≈≈≈≈≈≈≈
#≈≈≈≈≈.≈#############
#.≈≈≈≈≈≈# #.≈≈≈≈≈≈#
#≈≈§§§≈≈# #≈≈§@§K.#
#≈≈§§§≈≈# #..KKK.≈#
#..KK≈≈.# ####.####
... ... ...


You could see a big kobold and 5 kobolds.

Vanquished Creatures
  2 gnolls
  2 adders (D:2)
  2 river rats (Sewer)
  An ooze (D:1)
  An adder skeleton (D:4)
  5 worms
  2 dart slugs (D:1)
  A leopard gecko (D:2)
  An orc (D:2)
  2 giant cockroaches
  9 goblins
  4 hobgoblins (D:1)
  6 jackals
  7 kobolds
  2 ball pythons
  6 bats
  6 frilled lizards
  6 rats
65 creatures vanquished.

Notes
Turn   | Place    | Note
-------+----------+-------------------------------------------
     0 | D:1      | RedPan the Octopode Wizard began the quest for the Orb.
     0 | D:1      | Reached XP level 1. HP: 11/11 MP: 4/4
   294 | D:1      | Reached skill level 3 in Stealth
   294 | D:1      | Reached XP level 2. HP: 17/17 MP: 1/6
   366 | D:1      | Learned a level 2 spell: Blink
   369 | D:1      | Learned a level 2 spell: Call Imp
   859 | D:1      | Reached XP level 3. HP: 15/21 MP: 0/7
   895 | D:1      | Learned a level 3 spell: Mephitic Cloud
  1774 | D:2      | Reached XP level 4. HP: 10/27 MP: 0/8
  2719 | D:2      | HP: 1/27 [goblin (3)]
  3016 | D:2      | Found an iron altar of Okawaru.
  3214 | D:2      | You fall through a shaft for 2 floors!
  3214 | D:4      | Noticed a phantom
  3320 | D:3      | Found a glowing drain.
  3329 | D:3      | Reached skill level 4 in Stealth
  3329 | D:3      | Reached XP level 5. HP: 16/31 MP: 6/10
  3494 | Sewer    | Entered a sewer
  3772 | Sewer    | Noticed a big kobold
  3781 | Sewer    | Succumbed to kobold's curare-tipped needle

Vault maps used:
D:1:      dpeg_cavernosity, hangedman_decor_opposing
D:2:      okawaru_altar_gauntlet_db, kennysheep_generic_room_5
D:3:      grunt_temple_overflow_open, gammafunk_ghost_stat_death,
          cheibrodos_sewer_entry_drain, uniq_robin, uniq_crazy_yiuf_cottage
D:4:      marbit_many_paths, first_ration
Sewer:    sewer_kobolds

Skill      XL: |  1  2  3  4  5 |
---------------+----------------+-----
Stealth        | 3 4 |  4.1
Conjurations   | 2 3 |  3.0
Summonings     | 2 |  2.0
Translocations | 2 |  2.0
Dodging        | |  2.0
Spellcasting   | |  3.4
Poison Magic   | |  0.1

Action                   |  1- 3 |  4- 6 || total
-------------------------+-------+-------++-------
Melee: Dagger            |    40 |    29 ||    69
       Constrict         |     8 |    10 ||    18
       Tentacles         |     5 |     8 ||    13
 Cast: Magic Dart        |    76 |    69 ||   145
       Call Imp          |       |     1 ||     1
  Use: Scroll            |     3 |     1 ||     4
       Potion            |       |     1 ||     1
  Eat: Chunk             |     2 |     6 ||     8
Armor: Skin              |     3 |     5 ||     8
Dodge: Dodged            |    36 |    37 ||    73

Table legend:
 A = Spawn XP
 B = Non-spawn XP
 C = Spawn XP percentage of total XP
 D = Spawn monster count
 E = Non-spawn monster count
 F = Spawn count percentage of total count
 G = Total turns spent on level
                    A         B        C        D         E        F      G
               +---------+---------+-------+---------+---------+-------+---------
         Total |       0 |     208 |   0.0 |       0 |      65 |   0.0 |  3781
               +---------+---------+-------+---------+---------+-------+---------
           D:1 |       0 |      70 |   0.0 |       0 |      28 |   0.0 |  1653
           D:2 |       0 |      86 |   0.0 |       0 |      25 |   0.0 |  1561
           D:3 |       0 |      14 |   0.0 |       0 |       5 |   0.0 |   188
           D:4 |       0 |       5 |   0.0 |       0 |       1 |   0.0 |    92
         Sewer |       0 |      33 |   0.0 |       0 |       6 |   0.0 |   287
               +---------+---------+-------+---------+---------+-------+---------
